 Dungeon Crawl Stone Soup version 0.30-a0-860-g512cf1e979 (webtiles) character file.

Game seed: 16784432448910390405

156 browni3141 the Sneak (level 5, -3/29 HPs)
             Began as a Kobold Artificer on Mar 7, 2023.
             Killed by divine providence
             ... invoked by an orc priest
              (12 damage)
             ... on level 3 of the Dungeon.
             The game lasted 00:04:53 (2891 turns).

browni3141 the Sneak (Kobold Artificer)             Turns: 2891, Time: 00:04:54

Health: -3/29      AC:  3    Str:  9    XL:     5   Next: 64%
Magic:  5/5        EV: 14    Int: 13    God:
Gold:   48         SH:  0    Dex: 17    Spells: 4/4 levels left

rFire   . . .      SeeInvis +    o - +2 whip (venom)
rCold   . . .      Faith    .    (no shield)
rNeg    . . .      Spirit   .    b - +0 leather armour
rPois   .          Reflect  .    (no helmet)
rElec   .          Rampage  .    (no cloak)
rCorr   .                        (no gloves)
Will    .....                    (no boots)
Stlth   ++++                     (no amulet)
HPRegen 0.24/turn                m - ring of see invisible
MPRegen 0.09/turn                (no ring)

@: no status effects
A: small, no large weapons, nightstalker 3
a: no special abilities


You were on level 3 of the Dungeon.
You visited 1 branch of the dungeon, and saw 3 of its levels.

You collected 48 gold pieces.

Inventory:

Hand Weapons
 a - a +0 club
 o - a +2 whip of venom (weapon)
 r - a +0 morningstar
Missiles
 l - 9 poisoned darts
Armour
 b - a +0 leather armour (worn)
Jewellery
 m - a ring of see invisible (left hand)
Wands
 c - a wand of flame (5) (quivered)
 d - a wand of charming (9)
 e - a wand of iceblast (2)
Scrolls
 f - a scroll of fear {unknown}
 h - a scroll of magic mapping {unknown}
 j - a scroll of poison {unknown}
 k - 2 scrolls of immolation {unknown}
 n - a scroll of vulnerability {unknown}
 p - a scroll of blinking {unknown}
 q - a scroll of enchant armour {unknown}
Potions
 g - a potion of attraction
 i - 2 potions of cancellation {unknown}
 s - 2 potions of invisibility {unknown}
 t - a potion of flight {unknown}


   Skills:
 * Level 1.1 Fighting
 * Level 3.6 Maces & Flails
 - Level 0.7 Armour
 - Level 2.4 Dodging
 - Level 4.0 Stealth
 - Level 3.6 Evocations


You had 4 spell levels left.
You didn't know any spells.
Your spell library contained the following spells:

 Spells                   Type           Power      Damage    Failure   Level
 Fireball                 Conj/Fire      0%         3d3       100%        5
 Iskenderun's Battlesphe  Conj           0%         2d6       100%        5
 Conjure Ball Lightning   Conj/Air       0%         3x3d6     100%        6
 Orb of Destruction       Conj           0%         9d5       100%        7


Dungeon Overview and Level Annotations

Branches:
Dungeon (3/15)

Altars:
Elyvilon


Innate Abilities, Weirdness & Mutations

You are small and have problems with some larger weapons.
You are completely attuned to the shadows.


Message History

The boomerang hits your orc. The adder closely misses your orc.
What are your orders? t - Shout!
Orders for allies: a - Attack new target. p - Attack previous target. r - Retreat! s - Stop attacking. g - Guard the area. f - Follow me.
Anything else - Cancel.
Gang up on whom?
Press: ? - help, Dir - move target, f - orc, p - orc
Aim: an orc, wielding a +0 hand axe, wearing a +0 leather armour and quivering boomerangs Attack!
Your orc hits the orc but does no damage.
The orc completely misses your orc. The adder bites your orc.
Your orc dies!
Unknown command.
Aiming: Charm
Press: ? - help, Shift-Dir - straight line, f - adder, p - orc
Aim: an adder (chance to affect: 67%)
The adder is charmed.
The orc throws a boomerang.
The boomerang hits you.
The orc priest drinks a potion.
The orc priest seems to grow stronger.
The orc closely misses you. The orc completely misses your adder.
You hit the orc.
The orc is poisoned.
The orc is lightly wounded.
The orc drinks a potion.
The orc is healed!
The orc looks more healthy.
Your adder bites the orc.
You hit the orc priest but do no damage.
The orc priest is poisoned.
Your adder completely misses the orc.
The orc priest closely misses you.
The orc priest completely misses your adder.
The orc closely misses you. The orc closely misses your adder.
You barely miss the orc priest.
Your adder closely misses the orc.
The orc priest hits you with a +0 hand axe!
The orc priest closely misses your adder.
The orc hits you with a +0 hand axe. The orc barely misses your adder.
Your adder closely misses the orc.
You hit the orc priest.
The orc priest is lightly wounded.
The orc priest mumbles some strange prayers to Beogh against you.
Beogh smites you!
You die...

...#.### ##.. ........ #...
###### ...#.###
#...###....### #. #.#
#............## # #.#
#.....######..# #.# #....##
##.## ########.# #....# #..#
#.....##.# #....# #K #S@#
#.###.##.# ##.#..# r##) #oo#
..#.# #.##.# #..#..# .o..
#.K#.#.#.###.##.# #..##.#
....##)##............#
#...#..
#o....#...##..##..### #...##
.....K##.#.##).##..#
##...###....###........##..#
#.....######...##<##......#
#####........#.##.#######


You could see an orc priest (strong, very poisoned), an orc (ally target), a
kobold and a friendly adder (charmed).

Vanquished Creatures
  An orc priest (D:3)
  An orc wizard (D:3)
  2 gnolls (D:2)
  An adder (D:2)
  A dart slug (D:1)
  11 orcs
  6 ball pythons
  3 endoplasms
  9 goblins
  2 hobgoblins
  4 quokkas
  4 bats
  3 frilled lizards (D:1)
  4 kobolds
  5 rats
57 creatures vanquished.

Vanquished Creatures (others)
  An orc wizard (D:3)
  A gnoll (D:2)
  An orc (D:3)
3 creatures vanquished.

Grand Total: 60 creatures vanquished

Notes
Turn   | Place    | Note
-------+----------+-------------------------------------------
     0 | D:1      | browni3141 the Kobold Artificer began the quest for the
                  | Orb.
     0 | D:1      | Reached XP level 1. HP: 12/12 MP: 1/1
    99 | D:1      | Reached skill level 2 in Stealth
   198 | D:1      | Reached skill level 3 in Stealth
   198 | D:1      | Reached XP level 2. HP: 16/16 MP: 2/2
   613 | D:1      | Reached XP level 3. HP: 13/20 MP: 3/3
   683 | D:1      | Reached skill level 1 in Maces & Flails
  1514 | D:2      | Reached XP level 4. HP: 24/25 MP: 4/4
  1568 | D:2      | Reached skill level 4 in Stealth
  2059 | D:2      | Found a faded altar of an unknown god.
  2384 | D:3      | Found a white marble altar of Elyvilon.
  2418 | D:3      | HP: 1/25 [orc wizard/puff of flame (11)]
  2744 | D:3      | Reached XP level 5. HP: 18/29 MP: 5/5
  2891 | D:3      | Killed from afar by an orc priest

Illustrated notes

Levels and vault maps discovered:
D:1:      eino_arrival_druids_welcome, layout_loops_ring,
          minmay_misc_feat_four_crosses, hangedman_decor_points,
          minmay_pentomino_p4
D:2:      layout_loops_ring, chequers_ecumenical_altar_island, wad_orctagon
D:3:      layout_loops_corners, elyvilon_altar_1,
          minmay_randomly_rotated_circles

Skill      XL: |  1  2  3  4 |
---------------+-------------+-----
Stealth        | 3 4 |  4.0
Maces & Flails | 1 3 |  3.6
Fighting       | |  1.1
Armour         | |  0.7
Dodging        | |  2.4
Evocations     | |  3.6

Action                     |  1- 3 |  4- 6 || total
---------------------------+-------+-------++-------
  Melee: Club              |   141 |    69 ||   210
         Whip              |       |    15 ||    15
         Punch             |       |     1 ||     1
  Evoke: Wand              |     5 |    14 ||    19
    Use: Scroll            |     2 |       ||     2
         Potion            |       |     1 ||     1
   Stab: Sleeping          |    10 |     4 ||    14
         Distracted        |     1 |       ||     1
 Armour: Leather armour    |    33 |    16 ||    49
  Dodge: Dodged            |   143 |    78 ||   221

Table legend: (Time is in decaauts)
 A = Elapsed time spent in this place.
 B = Non-inter-level travel time spent in this place.
 C = Inter-level travel time spent in this place.
 D = Time resting spent in this place.
 E = Time spent auto-exploring this place.
 F = Levels seen in this place.
 G = Mean time per level.
                   A        B        C        D        E       F      G
               +--------+--------+--------+--------+--------+-----+--------+
         Total |   2943 |   2855 |     88 |    230 |   2006 |   3 |  981.0 |
       Dungeon |   2943 |   2855 |     88 |    230 |   2006 |   3 |  981.0 |
               +--------+--------+--------+--------+--------+-----+--------+

Top non-repeatable levels by time:
     D:2: 1249 daAuts
     D:1: 1047 daAuts
     D:3: 647 daAuts
